 Dungeon Crawl Stone Soup version 0.27.1 (webtiles) character file.

Game seed: 11086982679951433248

1867 ZARRMARR the Destroyer (level 9, -7/51 HPs)
             Began as an Octopode Conjurer on Sept 5, 2021.
             Mangled by Duvessa (14 damage)
             ... on level 7 of the Dungeon.
             The game lasted 00:20:21 (4814 turns).

ZARRMARR the Destroyer (Octopode Conjurer)          Turns: 4814, Time: 00:20:22

Health: -7/51      AC:  1    Str:  7    XL:     9   Next: 13%
Magic:  9/20       EV: 13    Int: 23    God:
Gold:   237        SH:  0    Dex: 10    Spells: 17/23 levels left

rFire    . . .     SeeInvis +   (no weapon)
rCold    . . .     Faith    .   (no shield)
rNeg     . . .     Spirit   .   (helmet restricted)
rPois    .         Reflect  .   b - amulet of regeneration
rElec    .         Harm     .   g - +4 ring of slaying
rCorr    .         Rampage  .   c - ring of see invisible
Will     .....                  (no ring)
Stlth    +++.......             (no ring)
HPRegen  1.17/turn              (no ring)
MPRegen  0.17/turn              (no ring)
                                (no ring)
                                (no ring)

@: no status effects
A: almost no armour, amphibious, 8 rings, camouflage 1, gelatinous body 1,
(nimble swimmer 1), tentacles
a: no special abilities


You were on level 7 of the Dungeon.
You visited 1 branch of the dungeon, and saw 5 of its levels.

You collected 237 gold pieces.

Inventory:

Jewellery
 b - an amulet of regeneration (around mantle)
 c - a ring of see invisible (right tentacle)
 g - a +4 ring of slaying (left tentacle)
Wands
 f - a wand of flame (23)
 n - a wand of mindburst (4)
 r - a wand of iceblast (11)
Scrolls
 a - 3 scrolls of identify {unknown}
 h - a scroll of enchant weapon {unknown}
 k - 2 scrolls of vulnerability {unknown}
 l - a scroll of holy word {unknown}
 p - a scroll of immolation {unknown}
 q - a scroll of teleportation
 t - 2 scrolls of fog {unknown}
Potions
 d - 2 potions of haste {unknown}
 e - 4 potions of curing
 i - a potion of flight {unknown}
 j - a potion of heal wounds {unknown}
 m - a potion of lignification {unknown}
 o - a potion of attraction {unknown}
 s - a potion of ambrosia {unknown}


   Skills:
 - Level 2.0 Dodging
 - Level 2.8 Stealth
 + Level 7.6 Spellcasting
 + Level 9.2 Conjurations
 + Level 0.3 Hexes


You had 17 spell levels left.
You knew the following spells:

 Your Spells              Type           Power      Damage    Failure   Level
a - Magic Dart            Conj           100%       1d8       1%          1
b - Searing Ray           Conj           100%       3d7       1%          2
c - Dazzling Flash        Conj/Hex       60%        N/A       3%          3

Your spell library contained the following spells:

 Spells                   Type           Power      Damage    Failure   Level
 Summon Small Mammal      Summ           32%        N/A       7%          1
 Fulminant Prism          Conj/Hex       15%        3d11      10%         4
 Iskenderun's Mystic Bla  Conj/Tloc      30%        2d8       11%         4
 Summon Guardian Golem    Hex/Summ       9%         N/A       21%         3
 Call Canine Familiar     Summ           8%         N/A       22%         3


Dungeon Overview and Level Annotations

Branches:
Dungeon (4/15)
 Temple: D:4-7

Altars:
Cheibriados
Okawaru
Trog

Annotations:
D:3 Grinder
D:7 1 runed translucent door, Duvessa; nxtlvl's ghost, novice DEMo


Innate Abilities, Weirdness & Mutations

You cannot wear most types of armour.
You are amphibious.
You can wear up to eight rings at the same time.
Your skin changes colour to match your surroundings (Stealth+).
Your rubbery body absorbs attacks. (AC +1, EV +1)
((You are camouflaged near water. (Stealth+)))
You have tentacles for arms and can constrict up to eight enemies at once.


Message History

The searing ray hits Dowan!
Dowan is moderately wounded. (Press . to maintain the ray.) Unknown command.
The searing ray hits Dowan!
Dowan is almost dead.
Dowan points at Duvessa and mumbles some strange words.
Duvessa seems to speed up.
The searing ray misses Dowan.
Unknown command.
Casting: Searing Ray (safe; 1% risk of failure)
Confirm with . or Enter, or press ? or * to list all spells.
Restarting spell: Searing Ray (safe; 1% risk of failure)
Press: ? - help, Shift-Dir - straight line, f/p - Dowan
Aim: Dowan, wielding a +0 dagger and wearing a +0 robe (almost dead, 76% to hit)
The searing ray hits Duvessa!
Duvessa is heavily wounded.
The searing ray hits Dowan!
You kill Dowan!
Duvessa weeps, then rights herself and shakes her weapon.
Duvessa goes berserk! (Press . to maintain the ray.)
The searing ray misses Duvessa.
The searing ray hits Duvessa!
Duvessa is severely wounded.
Duvessa hits you with a +0 short sword!!
Unknown command.
The searing ray hits Duvessa.
Duvessa is severely wounded.
You finish channeling your searing ray.
Duvessa hits you with a +0 short sword! x2
* * * LOW HITPOINT WARNING * * *
Casting: Searing Ray (safe; 1% risk of failure)
Confirm with . or Enter, or press ? or * to list all spells.
Aiming: Searing Ray (safe; 1% risk of failure)
Press: ? - help, Shift-Dir - straight line, f - Duvessa
Aim: Duvessa, wielding a +0 short sword and wearing a +0 leather armour (severely wounded, berserk, fast, 85% to hit)
The searing ray misses Duvessa. (Press . to maintain the ray.) Duvessa hits you with a +0 short sword!
You die...

#.# #..## ..## #####†###
#...#######... .
#.......#####.....##..# ..
#.........######..##.####.#
######.....................
#...##...###...#...##
###....### #.#....##
###..## ###.....#### #...@#
............##
#...e....[...........
#.....#####...###....
#...### #.#>....#+# #...)
#.###..##W# #..... #.
#..##... #.)... #.##....
##.... #.#⌠..♣! #.##....


You could see Duvessa (berserk, fast).

Vanquished Creatures
  Prince Ribbit (D:7)
  An acid dragon (D:7)
  2 water moccasins (D:7)
  3 ogres
  A centaur (D:7)
  A phantom (D:7)
  A kobold brigand (D:7)
  3 bullfrogs (D:7)
  A water moccasin zombie (D:7)
  Dowan (D:7)
  A wight (D:7)
  A howler monkey (D:7)
  A gnoll shaman (D:4)
  2 hounds
  A jelly (D:7)
  4 orc priests
  Crazy Yiuf (D:2)
  2 orc wizards
  A howler monkey zombie (D:7)
  7 adders
  5 gnolls (D:4)
  A white imp (D:7)
  A worm (D:3)
  3 dart slugs (D:1)
  16 orcs
  5 bats
  8 endoplasms
  2 giant cockroaches
  5 goblins
  3 hobgoblins
  2 quokkas
  3 ball pythons
  2 frilled lizards
  3 kobolds
  6 rats
101 creatures vanquished.

Vanquished Creatures (others)
  A plant (D:3)
  3 withered plants (D:3)
4 creatures vanquished.

Grand Total: 105 creatures vanquished

Notes
Turn   | Place    | Note
-------+----------+-------------------------------------------
     0 | D:1      | ZARRMARR the Octopode Conjurer began the quest for the Orb.
     0 | D:1      | Reached XP level 1. HP: 11/11 MP: 3/3
   209 | D:1      | Reached XP level 2. HP: 17/17 MP: 0/5
   828 | D:2      | Reached XP level 3. HP: 21/21 MP: 2/6
   978 | D:2      | Found a runed translucent door.
   979 | D:2      | Noticed Crazy Yiuf
  1243 | D:2      | Reached XP level 4. HP: 27/27 MP: 5/8
  1304 | D:2      | Reached skill level 5 in Conjurations
  1519 | D:2      | Learned a level 2 spell: Searing Ray
  1576 | D:2      | Killed Crazy Yiuf
  1693 | D:3      | Noticed Grinder
  1873 | D:3      | Reached XP level 5. HP: 31/31 MP: 7/10
  2053 | D:3      | Found a faded altar of an unknown god.
  2241 | D:3      | Found a bloodstained altar of Trog.
  3176 | D:4      | Noticed an ogre
  3182 | D:4      | Killed an ogre
  3183 | D:4      | Reached XP level 6. HP: 36/36 MP: 5/12
  3290 | D:4      | Found an iron altar of Okawaru.
  3352 | D:4      | Reached skill level 6 in Conjurations
  3609 | D:4      | Reached XP level 7. HP: 40/41 MP: 1/14
  3853 | D:4      | Reached skill level 5 in Spellcasting
  4048 | D:4      | You fall into a shaft and drop 3 floors!
  4052 | D:7      | Reached skill level 7 in Conjurations
  4213 | D:7      | Reached XP level 8. HP: 46/46 MP: 12/17
  4410 | D:7      | Reached skill level 8 in Conjurations
  4580 | D:7      | Noticed Prince Ribbit
  4585 | D:7      | Killed Prince Ribbit
  4627 | D:7      | Noticed nxtlvl's ghost (novice DEMo)
  4630 | D:7      | Found a runed translucent door.
  4703 | D:7      | Found a snail-covered altar of Cheibriados.
  4719 | D:7      | Reached skill level 9 in Conjurations
  4719 | D:7      | Reached XP level 9. HP: 51/51 MP: 13/20
  4728 | D:7      | Learned a level 3 spell: Dazzling Flash
  4804 | D:7      | Noticed Dowan
  4805 | D:7      | Noticed Duvessa
  4810 | D:7      | Killed Dowan
  4814 | D:7      | Mangled by Duvessa

Illustrated notes

Levels and vault maps discovered:
D:1:      dpeg_arrival_concentric_ovals, layout_rooms
D:2:      layout_rooms, minmay_misc_feat_four_crosses, uniq_crazy_yiuf_cottage
D:3:      layout_basic, marbit_many_paths, shapermc_ecumenical_altar_flowoftime,
          uniq_grinder
D:4:      cheibrodos_barr_body, layout_cave_pools, mainiacjoe_overflow_chevrons,
          serial_shops, shop
D:7:      layout_rooms, riverfiend_overflow_shadow_ancestor,
          mainiacjoe_overflow_alcove_1, general_overflow_altar,
          minmay_temple_entry_nine_rooms, hellmonk_ghost_happy_afterlife,
          minmay_joined_circles, uniq_duvessa, uniq_joseph, uniq_maggie,
          uniq_prince_ribbit1

Skill      XL: |  1  2  3  4  5  6  7  8 |
---------------+-------------------------+-----
Spellcasting   | 3 4 6 7 |  7.6
Conjurations   | 5 6 7 9 |  9.2
Dodging        | |  2.0
Stealth        | |  2.8
Hexes          | |  0.3

Action                   |  1- 3 |  4- 6 |  7- 9 || total
-------------------------+-------+-------+-------++-------
Melee: Unarmed           |     9 |    24 |       ||    33
       Tentacles         |     1 |     5 |       ||     6
       Constrict         |       |     6 |       ||     6
 Cast: Magic Dart        |    56 |    51 |    23 ||   130
       Searing Ray       |       |    19 |    27 ||    46
Evoke: Wand              |       |     8 |    12 ||    20
  Use: Scroll            |       |     4 |       ||     4
       Potion            |       |       |     1 ||     1
Armor: Skin              |     2 |       |     3 ||     5
Dodge: Dodged            |     9 |     8 |    29 ||    46
